Map: Chantier naval orbital

Players

AgCl - Winner!

  • Race: Protoss Protoss

Ventus

  • Race: Protoss Protoss

VOD

Have the link to the VOD?

Description

Time

  • Played on: May 10, 2015, 4 a.m.
  • Length: 15:07
Show
View Real Time Build Order
Export as new Build Order

AgCl Protoss - Winner!

Build Orders:  

Get SALT Encoding   

  12  0:01  Probe  
  13  0:14  Pylon  
  13  0:18  Probe  
  14  0:32  Probe  
  14  0:33  Assimilator  
  15  0:44  Probe  
  16  0:56  Probe (Chrono Boost)  
  17  1:07  Probe (Chrono Boost)  
  18  1:14  Probe, Nexus  
  19  1:27  Probe  
  20  1:35  Gateway  
  20  1:39  Probe  
  21  1:51  Probe  
  22  1:59  Pylon  
  22  2:02  Assimilator  
  22  2:04  Forge  
  22  2:12  Pylon  
  22  2:18  Probe (Chrono Boost)  
  23  2:26  Probe (Chrono Boost)  
  25  2:35  Cybernetics Core, Probe x2 (Chrono Boost)  
  26  2:44  Probe (Chrono Boost)  
  28  2:45  Probe (Chrono Boost)  
  30  2:52  Probe (Chrono Boost)  
  30  2:53  Probe (Chrono Boost)  
  30  2:57  Pylon  
  30  2:59  Probe (Chrono Boost)  
  30  3:00  Probe (Chrono Boost)  
  32  3:09  Probe (Chrono Boost)  
  32  3:10  Photon Cannon  
  34  3:14  Adept  
  34  3:15  Probe (Chrono Boost)  
  38  3:21  Assimilator  
  38  3:25  Mothership Core (Chrono Boost), Probe (Chrono Boost)  
  38  3:26  Assimilator  
  39  3:34  Stargate  
  39  3:35  Warp Gate (Chrono Boost)  
  39  3:37  Probe (Chrono Boost)  
  39  3:38  Probe (Chrono Boost)  
  41  3:48  Probe (Chrono Boost)  
  42  3:51  Probe (Chrono Boost)  
  42  3:52  Robotics Facility  
  43  4:00  Probe (Chrono Boost)  
  45  4:04  Probe (Chrono Boost), Pylon  
  46  4:11  Probe (Chrono Boost)  
  46  4:12  Probe (Chrono Boost)  
  48  4:17  Protoss Ground Weapons Level 1  
  48  4:18  Probe (Chrono Boost)  
  48  4:19  Probe (Chrono Boost), Oracle (Chrono Boost)  
  52  4:26  Photon Cannon  
  52  4:29  Probe  
  52  4:30  Probe  
  54  4:40  Observer (Chrono Boost)  
  54  4:41  Probe  
  54  4:42  Probe  
  54  4:44  Pylon  
  57  4:49  Pylon, Phoenix  
  59  4:54  Probe x2  
  61  5:03  Gateway  
  61  5:06  Probe, Pylon  
  62  5:14  Void Ray (Chrono Boost)  
  66  5:26  Immortal (Chrono Boost)  
  66  5:37  Pylon  
  66  5:38  Pylon  
  66  5:40  Pylon  
  66  5:56  Void Ray  
  69  5:58  Immortal (Chrono Boost), Photon Cannon  
  73  6:04  Nexus  
  72  6:18  Pylon  
  72  6:21  Pylon  
  72  6:27  Gateway  
  72  6:28  Mothership Core  
  70  6:39  Void Ray (Chrono Boost)  
  70  7:04  Adept  
  70  7:05  Probe  
  73  7:14  Void Ray  
  77  7:18  Probe  
  78  7:30  Probe (Chrono Boost)  
  79  7:41  Probe (Chrono Boost)  
  80  7:52  Probe (Chrono Boost)  
  80  7:56  Pylon  
  81  8:02  Gateway x2, Probe (Chrono Boost)  
  81  8:03  Twilight Council  
  82  8:07  Protoss Air Weapons Level 1  
  82  8:09  Gateway x2, Probe  
  82  8:11  Nexus  
  83  8:13  Pylon  
  83  8:14  Assimilator  
  83  8:16  Pylon, Assimilator  
  83  8:26  Gateway  
  83  8:27  Probe  
  84  8:39  Probe  
  85  8:47  Charge (Chrono Boost)  
  85  8:48  Pylon  
  85  8:51  Probe  
  86  8:58  Dark Shrine  
  86  9:03  Probe  
  86  9:06  Protoss Ground Weapons Level 2 (Chrono Boost)  
  85  9:15  Probe  
  86  9:17  Photon Cannon  
  86  9:20  Photon Cannon  
  86  9:21  Gateway, Photon Cannon  
  86  9:22  Pylon  
  86  9:54  Fleet Beacon  
  86  10:00  Observer  
  86  10:02  Nexus  
  86  10:05  Pylon x2  
  87  10:07  Protoss Air Armor Level 1 (Chrono Boost), Assimilator  
  87  10:08  Assimilator  
  87  10:14  Gateway  
  87  10:16  Pylon  
  87  10:21  Carrier (Chrono Boost)  
  87  10:23  Pylon  
  87  10:30  Pylon  
  87  10:40  Pylon  
  87  10:48  Dark Templar x3  
  87  10:49  Dark Templar  
  101  10:50  Zealot x3  
  101  10:52  Zealot  
  101  10:56  Pylon  
  109  11:07  Stargate  
  109  11:09  Stargate  
  107  11:33  Protoss Ground Weapons Level 3 (Chrono Boost)  
  107  11:38  Photon Cannon  
  107  11:41  Photon Cannon  
  107  11:44  Forge  
  107  11:46  Carrier (Chrono Boost)  
  107  11:47  Gateway  
  107  11:49  Protoss Air Weapons Level 2  
  107  11:50  Cybernetics Core  
  107  11:51  Pylon  
  107  11:53  Gateway, Carrier (Chrono Boost)  
  107  11:54  Photon Cannon  
  107  11:55  Photon Cannon  
  107  11:57  Photon Cannon  
  107  12:00  Gateway  
  107  12:01  Photon Cannon  
  107  12:06  Pylon  
  119  12:13  Graviton Catapult (Chrono Boost)  
  116  12:16  Carrier (Chrono Boost)  
  116  12:28  Warp Prism (Chrono Boost)  
  124  12:38  Protoss Shields Level 1 (Chrono Boost)  
  124  12:50  Carrier (Chrono Boost)  
  124  12:57  Carrier (Chrono Boost)  
  122  12:58  Archon  
  122  13:00  Archon  
  128  13:21  Carrier (Chrono Boost)  
  144  14:51  Zealot  
  144  14:52  Zealot x2  
  150  14:54  Zealot  
Show
View Real Time Build Order
Export as new Build Order

Ventus Protoss 

Build Orders:  

Get SALT Encoding   

  12  0:11  Pylon  
  12  0:13  Probe  
  13  0:25  Probe (Chrono Boost)  
  14  0:33  Gateway  
  14  0:37  Probe (Chrono Boost)  
  15  0:44  Assimilator  
  15  0:46  Probe (Chrono Boost)  
  16  0:54  Probe  
  17  1:02  Pylon  
  17  1:06  Probe (Chrono Boost)  
  18  1:17  Probe (Chrono Boost)  
  19  1:22  Cybernetics Core  
  19  1:24  Probe  
  20  1:36  Probe (Chrono Boost)  
  21  1:43  Gateway  
  21  1:48  Probe (Chrono Boost)  
  22  1:54  Pylon  
  22  1:57  Probe (Chrono Boost)  
  22  1:59  Warp Gate  
  23  2:05  Probe  
  23  2:08  Assimilator  
  24  2:16  Robotics Facility  
  24  2:19  Probe (Chrono Boost)  
  25  2:26  Stalker  
  28  2:32  Probe (Chrono Boost)  
  28  2:38  Probe (Chrono Boost)  
  28  2:40  Stalker  
  31  2:50  Probe (Chrono Boost)  
  32  2:58  Pylon  
  32  3:08  Immortal (Chrono Boost)  
  32  3:09  Probe  
  37  3:18  Adept  
  37  3:19  Adept  
  42  3:28  Mothership Core  
  43  3:37  Pylon  
  43  3:48  Immortal (Chrono Boost)  
  46  3:58  Pylon  
  46  4:14  Nexus  
  46  4:16  Sentry  
  48  4:23  Stalker  
  50  4:44  Probe (Chrono Boost)  
  51  4:46  Stargate  
  51  4:52  Pylon  
  52  4:54  Probe (Chrono Boost)  
  52  5:03  Probe, Forge, Twilight Council  
  40  5:40  Adept x2  
  26  6:01  Stalker x2  
  28  6:11  Probe x2 (Chrono Boost)  
  30  6:21  Probe x2 (Chrono Boost)  
  32  6:28  Probe x2  
  24  6:40  Probe  
  25  6:52  Stalker  
  21  7:03  Probe (Chrono Boost)  
  16  7:09  Probe (Chrono Boost)  
  18  7:17  Probe (Chrono Boost)  
  18  7:28  Probe  
  18  7:29  Probe  
  18  7:37  Sentry  
  18  7:39  Sentry  
  18  7:45  Probe (Chrono Boost)  
  18  7:49  Probe (Chrono Boost)  
  19  8:01  Probe x2 (Chrono Boost)  
  21  8:12  Phoenix (Chrono Boost)  
  23  8:17  Probe (Chrono Boost)  
  24  8:21  Probe (Chrono Boost)  
  26  8:28  Probe (Chrono Boost)  
  26  8:30  Probe (Chrono Boost)  
  27  8:38  Phoenix (Chrono Boost)  
  29  8:44  Mothership Core (Chrono Boost)  
  31  8:54  Probe (Chrono Boost)  
  32  9:01  Probe  
  31  9:05  Stalker  
  31  9:08  Stalker  
  35  9:13  Probe (Chrono Boost)  
  35  9:15  Probe (Chrono Boost)  
  39  9:24  Probe (Chrono Boost)  
  39  9:25  Probe (Chrono Boost)  
  39  9:29  Sentry  
  41  9:33  Stalker  
  43  9:44  Probe x2 (Chrono Boost)  
  46  9:54  Probe x2 (Chrono Boost)  
  46  9:58  Assimilator  
  47  10:01  Sentry, Probe x2, Assimilator  
  51  10:13  Probe x2  
  51  10:14  Blink (Chrono Boost)  
  53  10:29  Stalker, Zealot  
  57  10:37  Probe x2 (Chrono Boost)  
  59  10:47  Probe x2 (Chrono Boost)  
  61  10:50  Stalker  
  61  10:53  Stalker  
  61  10:54  Probe x2  
  67  11:01  Observer (Chrono Boost)  
  68  11:07  Phoenix (Chrono Boost)  
  70  11:16  Stalker x2  
  74  11:32  Phoenix (Chrono Boost)  
  76  11:40  Pylon  
  76  11:51  Nexus  
  76  11:52  Pylon  
  76  12:09  Stalker x2  
  80  12:21  Gateway  
  80  12:23  Gateway, Phoenix (Chrono Boost)  
  80  12:26  Gateway x2, Protoss Ground Weapons Level 1 (Chrono Boost)  
  82  12:33  Sentry  
  82  12:34  Sentry  
  84  12:56  Shield Upgrade  
  45  13:07  Stalker x2  
  45  13:14  Void Ray (Chrono Boost)  
  49  13:21  Stalker x4  
  57  13:41  Stalker x2  
  55  13:44  Stalker  
  55  13:45  Stalker x2  
  63  14:01  Stalker  
  53  14:18  Stalker  
  53  14:19  Stalker  
  53  14:20  Zealot x2  
Tags
 
Add a new tag
Caveats
  • Supply blocks, unpowered buildings, or Contaminate may cause inaccurate times.
  • Supply counts are checked every 10 seconds.